[Event "Titled Tuesday Blitz May 30 Early 2023"]
[White "Zheenbekov, Nurgazy"]
[Black "mohsengabr2002"]
[WhiteFideId "13800485"]
[WhiteElo "1975"]
[BlackElo "2257"]
[Result "1-0"]
[Round "05"]
[TimeControl "180+2"]
[Date "2023.05.30"]
[WhiteClock "0:01:31"]
[BlackClock "0:00:57"]

1. b3 f6 2. d4 g6 3. Nf3 e6 4. g3 Nh6 5. Bg2 Nf7 6. O-O Bg7 7. c4 O-O 8. Bb2 d6 9. e4 c6 10. Nc3 Na6 11. Re1 e5 12. h3 Be6 13. a3 Qe7 14. d5 Bd7 15. b4 c5 16. Qb3 b6 17. Nb5 Rfc8 18. Rac1 Bh6 19. Rcd1 f5 20. exf5 Bxf5 21. Nxd6 Qxd6 22. Nxe5 cxb4 23. Nxf7 Kxf7 24. Be5 Qc5 25. d6 bxa3 26. Bd5+ Kf8 27. g4 Bd7 28. Qf3+ Bf5 29. gxf5 1-0


[Site "https://www.chess.com"]

[Event "Titled Tuesday Blitz May 30 Early 2023"]
[White "Filgueira, Hernan"]
[Black "Andrew_Ledger"]
[WhiteFideId "101770"]
[WhiteElo "2363"]
[BlackElo "2198"]
[Result "1-0"]
[Round "05"]
[TimeControl "180+2"]
[Date "2023.05.30"]
[WhiteClock "0:00:28"]
[BlackClock "0:00:05"]

1. c4 e5 2. Nc3 Bb4 3. Nf3 Bxc3 4. bxc3 Nc6 5. d4 d6 6. g3 Nge7 7. Bg2 O-O 8. O-O h6 9. Ba3 Ng6 10. c5 dxc5 11. Bxc5 Re8 12. e3 Rb8 13. Nd2 a6 14. d5 Na5 15. e4 Bd7 16. Bb4 c6 17. c4 cxd5 18. exd5 f5 19. Bd6 Rc8 20. c5 Bb5 21. Re1 e4 22. Rc1 Ne5 23. a4 Bd3 24. Nxe4 fxe4 25. Bxe4 Bxe4 26. Rxe4 Nf7 27. Rxe8+ Qxe8 28. Bf4 Qe4 29. f3 Qb4 30. c6 bxc6 31. d6 Rd8 32. d7 Qb6+ 33. Kg2 c5 34. Qd5 Nc6 35. Re1 Nb4 36. Re8+ 1-0


[Site "https://www.chess.com"]

[Event "Titled Tuesday Blitz May 30 Early 2023"]
[White "Marn, Jan"]
[Black "Cramling Bellon, Anna"]
[WhiteFideId "14619245"]
[BlackFideId "32009232"]
[WhiteElo "2242"]
[BlackElo "1976"]
[Result "1-0"]
[Round "05"]
[TimeControl "180+2"]
[Date "2023.05.30"]
[WhiteClock "0:00:11"]
[BlackClock "0:00:07"]

1. d4 Nf6 2. Nf3 d5 3. e3 c5 4. b3 Nc6 5. Bd3 Bg4 6. Bb2 e6 7. Nbd2 cxd4 8. exd4 Bd6 9. O-O O-O 10. a3 Rc8 11. Qe1 Qc7 12. Ne5 Nd7 13. Nxg4 h5 14. Ne3 Bxh2+ 15. Kh1 Bd6 16. Qe2 g6 17. Nf3 Qd8 18. g3 Nf6 19. Ne5 Kg7 20. Ng2 Ng4 21. Nf4 Rh8 22. Kg2 Ngxe5 23. dxe5 Bc5 24. Bxg6 fxg6 25. Nxe6+ Kf7 26. Nxd8+ Rhxd8 27. e6+ Ke7 28. f4 Rf8 29. f5 gxf5 30. Qxh5 Kxe6 31. Rae1+ Kd6 32. Qg6+ Kc7 33. Qg7+ Kb6 34. b4 Bd6 35. Re6 Rg8 36. Qxg8 Rxg8 37. Rxd6 Re8 38. Rxd5 Kc7 39. Rdxf5 Re2+ 40. R1f2 Re1 41. Rf7+ Kd6 42. c4 Ne7 43. c5+ Kd7 44. Bf6 Ke8 45. Rxe7+ Rxe7 46. Bxe7 Kxe7 47. g4 Ke6 48. g5 Kd5 49. g6 Kc4 50. g7 Kb3 51. g8=Q+ Kxa3 52. Qa2+ Kxb4 53. Rb2+ Kxc5 54. Rc2+ Kd4 55. Qc4+ Ke3 56. Re2# 1-0


[Site "https://www.chess.com"]

[Event "Titled Tuesday Blitz May 30 Early 2023"]
[White "Tristan, Leonardo"]
[Black "Urbina Perez, Juan Antonio"]
[WhiteFideId "113816"]
[BlackFideId "2217368"]
[WhiteElo "2461"]
[BlackElo "2197"]
[Result "1/2-1/2"]
[Round "05"]
[TimeControl "180+2"]
[Date "2023.05.30"]
[WhiteClock "0:00:05"]
[BlackClock "0:00:23"]

1. d4 d5 2. Nf3 Nf6 3. Bf4 e6 4. e3 Bd6 5. Bg3 b6 6. Nbd2 O-O 7. a4 a5 8. Bb5 c6 9. Bd3 Ba6 10. O-O Bxd3 11. cxd3 Bxg3 12. hxg3 Nbd7 13. Rc1 c5 14. Nb3 Rc8 15. Rc3 cxd4 16. Rxc8 Qxc8 17. Nbxd4 Qc5 18. Qb3 Rc8 19. Rd1 h6 20. Rd2 Qc1+ 21. Rd1 Qc5 22. Kf1 e5 23. Ne2 Qc2 24. Qxc2 Rxc2 25. Rd2 Rxd2 26. Nxd2 Nc5 27. d4 exd4 28. exd4 Nxa4 29. b3 Nb2 30. Nc1 a4 31. Ke2 axb3 32. Ncxb3 Nc4 33. Nb1 Ne4 34. g4 Kf8 35. f3 Nf6 36. Nc3 Ke7 37. Kd3 Kd7 38. Nxd5 Nxd5 39. Kxc4 Ne3+ 40. Kb5 Nxg2 41. Kxb6 Ne1 42. Kc5 Nxf3 43. d5 Ne5 44. Na5 Nxg4 45. Nc4 Nf6 46. Ne5+ Ke8 47. d6 h5 48. Kc6 h4 49. Kc7 h3 50. Kc8 h2 51. Ng4 Nd7 52. Nxh2 Nb6+ 53. Kc7 Nd5+ 54. Kc8 Nb6+ 55. Kc7 Nd7 56. Ng4 f5 57. Ne3 f4 58. Nf5 f3 59. Nxg7+ Kf7 60. Nf5 Nf6 61. Ne3 f2 62. Kc6 Ke6 63. Nf1 Ke5 64. Nd2 Kd4 65. Nf1 Ke4 66. Ng3+ Kf3 67. Nf1 Ke2 68. Ng3+ Kf3 69. Nf1 Ke2 70. Nh2 Ke3 71. Kc5 Ne4+ 72. Kd5 Nxd6 73. Kxd6 Kf4 74. Kd5 Kg3 75. Nf1+ Kf3 76. Kd4 Ke2 77. Ng3+ Ke1 78. Ke3 f1=Q 79. Nxf1 1/2-1/2


[Site "https://www.chess.com"]

[Event "Titled Tuesday Blitz May 30 Early 2023"]
[White "Koridze, Lile"]
[Black "Vlassov, Nikolai"]
[WhiteFideId "13612514"]
[BlackFideId "4103360"]
[WhiteElo "2047"]
[BlackElo "2324"]
[Result "0-1"]
[Round "05"]
[TimeControl "180+2"]
[Date "2023.05.30"]
[WhiteClock "0:01:56"]
[BlackClock "0:02:06"]

1. d4 Nf6 2. c4 Nc6 3. Nc3 e5 4. d5 Ne7 5. e4 Ng6 6. Nf3 Bc5 7. Be2 d6 8. O-O O-O 9. a3 a5 10. Rb1 c6 11. dxc6 bxc6 12. b4 axb4 13. axb4 Ba7 14. b5 Bb7 15. Bg5 h6 16. bxc6 Bxc6 17. Bc1 Nxe4 18. Bb2 Nf4 19. Rc1 Nxf2 20. Rxf2 Bxf2+ 21. Kxf2 Qb6+ 22. Kf1 Qxb2 0-1


[Site "https://www.chess.com"]

[Event "Titled Tuesday Blitz May 30 Early 2023"]
[White "Silvestre, Christian"]
[Black "Pinheiro, Iung Alicio de O."]
[WhiteFideId "30956269"]
[BlackFideId "2104350"]
[WhiteElo "2358"]
[BlackElo "2283"]
[Result "1-0"]
[Round "05"]
[TimeControl "180+2"]
[Date "2023.05.30"]
[WhiteClock "0:00:07"]
[BlackClock "0:00:00"]

1. e4 c5 2. Nc3 Nc6 3. f4 e6 4. Nf3 a6 5. g3 Nf6 6. Bg2 d5 7. exd5 exd5 8. O-O d4 9. Re1+ Be7 10. Ne4 Nxe4 11. Rxe4 d3 12. c3 O-O 13. b3 Bf5 14. Re1 c4 15. bxc4 Bc5+ 16. Kh1 Re8 17. Bb2 Qd7 18. a4 h6 19. Ba3 Bf2 20. Rf1 Re2 21. Ng1 Bxg1 22. Kxg1 Bh3 23. Rf2 Rae8 24. Bc5 Bxg2 25. Kxg2 Qf5 26. Be3 Qe4+ 27. Kg1 Qxc4 28. Rxe2 dxe2 29. Qe1 Qd3 30. Kf2 Na5 31. Qxe2 Qd7 32. Rb1 Qh3 33. Kg1 Qf5 34. Rb4 Qd5 35. Qg2 Qd3 36. Rd4 Qb1+ 37. Qf1 Qb3 38. Rd7 Qxa4 39. Qd3 Qa1+ 40. Kg2 Qa3 41. Qd5 Qf8 42. Bc5 1-0


[Site "https://www.chess.com"]

[Event "Titled Tuesday Blitz May 30 Early 2023"]
[White "Kohler, Aran"]
[Black "koncheto"]
[WhiteFideId "1002856"]
[WhiteElo "2352"]
[BlackElo "2587"]
[Result "0-1"]
[Round "05"]
[TimeControl "180+2"]
[Date "2023.05.30"]
[WhiteClock "0:00:00"]
[BlackClock "0:00:07"]

1. d4 Nf6 2. c3 e6 3. Bg5 d5 4. Nd2 c5 5. e3 Bd6 6. Bd3 Nbd7 7. f4 b6 8. Nh3 Bb7 9. O-O Qc7 10. Rc1 Ne4 11. Nxe4 dxe4 12. Bb5 O-O 13. Qg4 f5 14. Qh4 h6 15. Be7 Rf7 16. Bxd6 Qxd6 17. Rfd1 Bc6 18. Be2 Nf6 19. Nf2 Rd8 20. dxc5 Qb8 21. cxb6 Rxd1+ 22. Rxd1 Qxb6 23. Rd4 Qxb2 24. Bc4 Bd5 25. Nd1 Qa3 26. Bxd5 exd5 27. Qf2 Rb7 28. Qd2 Rb1 29. h3 Ra1 30. Rxd5 Nxd5 31. Qxd5+ Kh8 32. Kh2 Qxa2 33. Qxf5 Rxd1 0-1


[Site "https://www.chess.com"]

[Event "Titled Tuesday Blitz May 30 Early 2023"]
[White "Do Nascimento,Christian Almeida"]
[Black "Kaganskiy, Gleb"]
[WhiteFideId "2143801"]
[BlackFideId "4132025"]
[WhiteElo "2118"]
[BlackElo "2165"]
[Result "0-1"]
[Round "05"]
[TimeControl "180+2"]
[Date "2023.05.30"]
[WhiteClock "0:00:06"]
[BlackClock "0:00:11"]

1. d4 d5 2. Bf4 c5 3. e3 Nc6 4. Nc3 a6 5. Nf3 cxd4 6. exd4 Nf6 7. Be2 Bg4 8. h3 Bh5 9. Ne5 Bxe2 10. Nxe2 e6 11. O-O Bd6 12. Re1 O-O 13. Ng3 Qc7 14. c3 Bxe5 15. Bxe5 Nxe5 16. dxe5 Nd7 17. f4 Qb6+ 18. Kh2 Qxb2 19. Rb1 Qxc3 20. Rxb7 Nc5 21. Rc7 Rfc8 22. Rxc8+ Rxc8 23. Rf1 g6 24. Rf3 Qc4 25. h4 Ne4 26. h5 Nxg3 27. Kxg3 Qc2 28. Qh1 Rc3 29. Qh4 Rxf3+ 30. gxf3 Qc5 31. Qd8+ Qf8 32. Qf6 gxh5 33. Kf2 h6 34. Ke2 Qg7 35. Qd8+ Kh7 36. Kf2 a5 37. Qxa5 h4 38. Qd2 Qg3+ 39. Ke3 h3 40. Qc2+ Kg7 41. Qf2 Qxf2+ 42. Kxf2 d4 43. a4 d3 44. a5 d2 45. Ke2 h2 46. a6 h1=Q 0-1


[Site "https://www.chess.com"]

[Event "Titled Tuesday Blitz May 30 Early 2023"]
[White "Manon-og, Ramon Jr."]
[Black "ArrestingPieces"]
[WhiteFideId "5200776"]
[WhiteElo "2341"]
[BlackElo "2531"]
[Result "1-0"]
[Round "05"]
[TimeControl "180+2"]
[Date "2023.05.30"]
[WhiteClock "0:00:11"]
[BlackClock "0:00:00"]

1. e4 e5 2. Nf3 Nc6 3. Bc4 Bc5 4. c3 Nf6 5. d4 exd4 6. e5 d5 7. Bb5 Ne4 8. cxd4 Bb6 9. Be3 O-O 10. Nc3 Bg4 11. h3 Bh5 12. Qc2 Bg6 13. Qb3 Nxc3 14. bxc3 Na5 15. Qd1 f6 16. O-O c6 17. Be2 Bc7 18. Qa4 b5 19. Qd1 Kh8 20. Nh4 fxe5 21. Nxg6+ hxg6 22. dxe5 Bxe5 23. Bd3 Qh4 24. Bxg6 Nc4 25. Bc5 Qf4 26. Qh5+ Qh6 27. Bxf8 Qxh5 28. Bxg7+ Kxg7 29. Bxh5 Bxc3 30. Rac1 Bf6 31. f4 d4 32. g4 d3 33. g5 Bd4+ 34. Kg2 Ne3+ 35. Kf3 Nxf1 36. Rxf1 c5 37. Ke4 Re8+ 38. Kxd3 Re3+ 39. Kd2 Rxh3 40. Bg4 Rh2+ 41. Kd3 Rxa2 42. f5 Rg2 43. f6+ Kf8 44. Rf4 Be5 45. Re4 c4+ 46. Ke3 c3 47. Rxe5 Rxg4 48. Kf3 c2 49. Re1 Rc4 50. Rc1 Kf7 51. Ke3 b4 52. Kd3 Rc3+ 53. Kd2 a5 54. Rf1 1-0


[Site "https://www.chess.com"]

[Event "Titled Tuesday Blitz May 30 Early 2023"]
[White "Wisdomin"]
[Black "Sarkar, Justin"]
[BlackFideId "2010011"]
[WhiteElo "2504"]
[BlackElo "2168"]
[Result "1-0"]
[Round "05"]
[TimeControl "180+2"]
[Date "2023.05.30"]
[WhiteClock "0:01:29"]
[BlackClock "0:00:00"]

1. e4 e5 2. Nf3 Nc6 3. Bb5 a6 4. Ba4 Nf6 5. O-O Nxe4 6. d4 b5 7. Bb3 d5 8. dxe5 Be6 9. c3 Bc5 10. Nbd2 O-O 11. Bc2 Nxf2 12. Rxf2 f6 13. exf6 Bxf2+ 14. Kxf2 Qxf6 15. Kg1 Ne5 16. Qe2 Nxf3+ 17. Nxf3 Bg4 18. Qd3 Bxf3 19. Qxh7+ Kf7 20. gxf3 Qxf3 21. Qf5+ Qxf5 22. Bxf5 Rae8 23. Bd2 Re2 24. Rd1 Kg8 25. Bg4 Re4 26. h3 d4 27. cxd4 Rxd4 28. Bc3 Rxd1+ 29. Bxd1 c5 30. Bg4 b4 31. Bd2 Rd8 32. Be3 1-0


[Site "https://www.chess.com"]

[Event "Titled Tuesday Blitz May 30 Early 2023"]
[White "Jegorovas, Aleksandras"]
[Black "Martinez, Shawn"]
[WhiteFideId "12801950"]
[BlackFideId "2039770"]
[WhiteElo "2247"]
[BlackElo "2174"]
[Result "0-1"]
[Round "05"]
[TimeControl "180+2"]
[Date "2023.05.30"]
[WhiteClock "0:00:07"]
[BlackClock "0:00:11"]

1. Nf3 g6 2. d4 Bg7 3. c4 Nf6 4. Nc3 d6 5. e4 O-O 6. Be2 Nc6 7. O-O e5 8. d5 Ne7 9. Qc2 Nh5 10. Rd1 f5 11. Ng5 Nf6 12. c5 fxe4 13. cxd6 cxd6 14. Ncxe4 Nf5 15. Ne6 Bxe6 16. dxe6 Nd4 17. Qd3 d5 18. Nxf6+ Qxf6 19. Be3 Nxe2+ 20. Qxe2 d4 21. e7 Rf7 22. Bxd4 Rxe7 23. Bc3 Qe6 24. Qe4 Rf8 25. f3 Rf4 26. Qd5 e4 27. Bxg7 Qxd5 28. Rxd5 Kxg7 29. Re1 Kf6 30. Rd4 Kf5 31. g4+ Kf6 32. Re3 Rxf3 33. Rexe4 Rxe4 34. Rxe4 Rd3 35. Rb4 b6 36. Kg2 h5 37. gxh5 gxh5 38. Ra4 a5 39. b4 Rd4 40. a3 Kf5 41. Kg3 Rg4+ 42. Kf3 Rc4 43. Kg3 Ke5 44. Kf3 Kd5 45. Ke3 Rh4 46. Kd3 Rh3+ 47. Kc2 Rxh2+ 48. Kb3 Rh4 49. bxa5 Rxa4 50. Kxa4 bxa5 51. Kxa5 h4 52. Kb6 h3 53. a4 h2 54. a5 h1=Q 55. a6 Qb1+ 56. Kc7 Qc2+ 57. Kb8 Qb3+ 58. Ka8 Kc6 59. Ka7 Qb6+ 60. Ka8 Qd8+ 61. Ka7 Qc7+ 62. Ka8 Qb6 63. a7 Qb7# 0-1


[Site "https://www.chess.com"]

[Event "Titled Tuesday Blitz May 30 Early 2023"]
[White "Yurasova, Daria"]
[Black "Ziatdinov, Raset"]
[WhiteFideId "34146919"]
[BlackFideId "2015323"]
[WhiteElo "2109"]
[BlackElo "2220"]
[Result "1-0"]
[Round "05"]
[TimeControl "180+2"]
[Date "2023.05.30"]
[WhiteClock "0:01:02"]
[BlackClock "0:00:00"]

1. d4 Nf6 2. Bg5 g6 3. Bxf6 exf6 4. e3 Bg7 5. g3 O-O 6. Bg2 f5 7. Ne2 c6 8. Nd2 d5 9. O-O Re8 10. c4 Be6 11. Rc1 Nd7 12. Nf4 dxc4 13. Nxc4 Bxc4 14. Rxc4 Nb6 15. Rc1 Qe7 16. a3 Rad8 17. Qc2 Qd6 18. Nd3 Nd7 19. b4 Nf6 20. Qc5 Ne4 21. Qxd6 Rxd6 22. Nc5 Nxc5 23. bxc5 Rd7 24. a4 g5 25. a5 a6 26. Rb1 f4 27. Rb3 fxe3 28. fxe3 h6 29. Rfb1 Ree7 30. Bh3 Rc7 31. Kf2 f5 32. Bxf5 Kf7 33. g4 Kf6 34. Ke2 Kf7 35. Kd3 Bf6 36. e4 Kf8 37. Kc4 Kf7 38. d5 cxd5+ 39. exd5 Be5 40. Be6+ Kg7 41. h3 Bd6 42. Rxb7 Rxc5+ 43. Kd4 Rxa5 44. Rxe7+ Bxe7 45. Ke5 Ra3 46. Rb7 Kf8 47. Kf5 Rf3+ 48. Kg6 Rf6+ 49. Kh5 Rf4 50. Kxh6 Rf3 51. Rb8+ 1-0


[Site "https://www.chess.com"]

[Event "Titled Tuesday Blitz May 30 Early 2023"]
[White "Campos, Maria Jose"]
[Black "Janaszak, Dawid"]
[WhiteFideId "146803"]
[BlackFideId "1119206"]
[WhiteElo "2170"]
[BlackElo "2220"]
[Result "1-0"]
[Round "05"]
[TimeControl "180+2"]
[Date "2023.05.30"]
[WhiteClock "0:01:08"]
[BlackClock "0:01:36"]

1. c4 e6 2. g3 d5 3. Bg2 h5 4. Nf3 h4 5. Nxh4 Rxh4 6. gxh4 Qxh4 7. cxd5 exd5 8. Nc3 c6 9. d3 Nf6 10. Qa4 Bb4 11. Bd2 Na6 12. a3 Ng4 13. O-O-O b5 14. Nxb5 Bxd2+ 15. Rxd2 cxb5 16. Qxb5+ Kf8 17. Qxd5 Nc7 18. Qd6+ Qe7 19. Qxe7+ Kxe7 20. Bxa8 Nxa8 21. Rg1 Nxh2 22. Rxg7 Ng4 23. Rc2 Be6 24. Rg8 Nb6 25. Rc7+ Kd6 26. Rxa7 Nxf2 27. Ra6 Kc6 28. Rb8 1-0


[Site "https://www.chess.com"]

[Event "Titled Tuesday Blitz May 30 Early 2023"]
[White "Dubreuil, Julien"]
[Black "Toncheva, Nadya"]
[WhiteFideId "621285"]
[BlackFideId "2924056"]
[WhiteElo "2326"]
[BlackElo "2101"]
[Result "1/2-1/2"]
[Round "05"]
[TimeControl "180+2"]
[Date "2023.05.30"]
[WhiteClock "0:00:13"]
[BlackClock "0:00:05"]

1. e4 c5 2. Nf3 Nc6 3. d4 cxd4 4. Nxd4 g6 5. c4 Bg7 6. Be3 Nf6 7. Nc3 O-O 8. f3 d6 9. Qd2 Nxd4 10. Bxd4 Bd7 11. O-O-O a5 12. Kb1 a4 13. h4 Qa5 14. h5 a3 15. hxg6 hxg6 16. g4 Qb4 17. b3 Rfc8 18. Bxf6 Bxf6 19. Nd5 Qxd2 20. Nxf6+ exf6 21. Rxd2 b5 22. Rxd6 Be6 23. Rh2 bxc4 24. Bxc4 Bxc4 25. bxc4 Rab8+ 26. Kc1 Rxc4+ 27. Rc2 Rcb4 28. Rd3 Rb1+ 29. Kd2 Ra8 30. Rcc3 Rb2+ 31. Rc2 Kg7 32. Rc3 Rd8+ 33. Rd3 Rh8 34. Rxb2 Rh2+ 35. Kc3 axb2 36. Rd1 b1=Q 37. Rxb1 Rxa2 38. Kd3 Kf8 39. Ke3 Ke7 40. Kf4 Ra3 41. Kg3 Ke6 42. Rb5 Rc3 43. Kf4 Ra3 44. Rb6+ Ke7 45. g5 fxg5+ 46. Kxg5 Rxf3 47. Kg4 Rf1 48. Ra6 Kf8 49. Rb6 Kg7 50. e5 Kf8 51. Ra6 Rf5 52. e6 f6 53. Ra7 Ke8 54. Rg7 Re5 55. Rxg6 Rxe6 56. Kf5 Kf7 57. Rh6 Re5+ 58. Kf4 Ra5 59. Rh7+ Ke6 60. Rb7 Ra4+ 61. Kf3 Kf5 62. Rb5+ Kg6 63. Rc5 f5 64. Rc8 Kg5 65. Rg8+ Kf6 66. Rf8+ Ke6 67. Re8+ Kf7 68. Rd8 Ra7 69. Rc8 Kf6 70. Rf8+ Ke5 71. Re8+ Kd5 72. Rf8 Ke6 73. Re8+ Kf7 74. Rd8 Ra6 75. Rc8 Kf6 76. Rf8+ Ke5 77. Re8+ Re6 78. Rxe6+ Kxe6 79. Kf4 Kf6 1/2-1/2


[Site "https://www.chess.com"]

[Event "Titled Tuesday Blitz May 30 Early 2023"]
[White "Fajdetic, Hrvoje"]
[Black "Herman, Daniel"]
[WhiteFideId "14501945"]
[BlackFideId "30935008"]
[WhiteElo "2185"]
[BlackElo "1897"]
[Result "1-0"]
[Round "05"]
[TimeControl "180+2"]
[Date "2023.05.30"]
[WhiteClock "0:00:07"]
[BlackClock "0:00:26"]

1. d4 Nf6 2. Bf4 g6 3. Nc3 d5 4. e3 Bg7 5. h4 h5 6. f3 c5 7. Qd2 Nc6 8. O-O-O Bf5 9. dxc5 e5 10. Bg5 d4 11. exd4 Nxd4 12. Bb5+ Nxb5 13. Qxd8+ Rxd8 14. Rxd8+ Kxd8 15. Nxb5 Be6 16. Nxa7 Kc7 17. a4 Ra8 18. Nb5+ Kc6 19. b3 Kxc5 20. Ne2 Nd5 21. Rd1 f6 22. Bd2 Bf8 23. c4 Nb4 24. Bxb4+ Kxb4 25. Nc7 Bh6+ 26. Kb2 Ra6 27. Nxe6 Rxe6 28. Rd5 Bf8 29. Rb5# 1-0


[Site "https://www.chess.com"]

[Event "Titled Tuesday Blitz May 30 Early 2023"]
[White "Rose, Felix"]
[Black "Andreev, Konstantin"]
[WhiteFideId "5105722"]
[BlackFideId "24239305"]
[WhiteElo "2039"]
[BlackElo "2106"]
[Result "1-0"]
[Round "05"]
[TimeControl "180+2"]
[Date "2023.05.30"]
[WhiteClock "0:00:38"]
[BlackClock "0:00:19"]

1. d4 Nf6 2. Nf3 e6 3. e3 d5 4. Bd3 Be7 5. O-O O-O 6. Nbd2 c5 7. c3 Nc6 8. Re1 b6 9. dxc5 bxc5 10. Qe2 Bb7 11. e4 d4 12. e5 Nd5 13. Qe4 g6 14. cxd4 Ndb4 15. Bb1 cxd4 16. a3 Na6 17. Qf4 Nc7 18. Nb3 Nd5 19. Qh6 f6 20. exf6 Rxf6 21. Ng5 Bd6 22. Qxh7+ Kf8 23. Qh8+ Ke7 24. Qg7+ Ke8 25. Bxg6+ 1-0


[Site "https://www.chess.com"]

[Event "Titled Tuesday Blitz May 30 Early 2023"]
[White "Pham, Le Thao Nguyen"]
[Black "Ardila, Oscar Humberto"]
[WhiteFideId "12401226"]
[BlackFideId "4404742"]
[WhiteElo "2286"]
[BlackElo "1918"]
[Result "1-0"]
[Round "05"]
[TimeControl "180+2"]
[Date "2023.05.30"]
[WhiteClock "0:01:11"]
[BlackClock "0:00:54"]

1. d4 Nf6 2. Nf3 g6 3. c4 Bg7 4. Nc3 O-O 5. e4 d6 6. h3 Nbd7 7. Bd3 e5 8. O-O exd4 9. Nxd4 Nc5 10. Re1 Nxd3 11. Qxd3 Re8 12. Bg5 h6 13. Bh4 c6 14. Rad1 Qb6 15. b3 Nd7 16. Na4 Qa5 17. Bg3 Ne5 18. Qc2 b5 19. Bxe5 dxe5 20. Nxc6 Qa6 21. cxb5 Qxb5 22. Qc5 Qxc5 23. Nxc5 Bf8 24. Nd7 Ba3 25. Nf6+ Kf8 26. Nxe8 Kxe8 27. Rd8# 1-0


[Site "https://www.chess.com"]

[Event "Titled Tuesday Blitz May 30 Early 2023"]
[White "Mikhaylova, Irina"]
[Black "Fernandez Garcia, Gumersindo"]
[WhiteFideId "4109040"]
[BlackFideId "24516740"]
[WhiteElo "1975"]
[BlackElo "2093"]
[Result "1/2-1/2"]
[Round "05"]
[TimeControl "180+2"]
[Date "2023.05.30"]
[WhiteClock "0:00:08"]
[BlackClock "0:00:15"]

1. Nf3 Nf6 2. c4 c6 3. Nc3 d5 4. cxd5 cxd5 5. d4 g6 6. Bf4 Bg7 7. e3 O-O 8. h3 Nc6 9. Bd3 Bf5 10. O-O Ne4 11. Rc1 Rc8 12. Qe2 Qa5 13. a3 Rfe8 14. Bxe4 dxe4 15. Nd2 e5 16. Nc4 Qa6 17. Nxe5 Qxe2 18. Nxe2 Nxe5 19. Bxe5 Bxe5 20. dxe5 Rxe5 21. Rxc8+ Bxc8 22. Rc1 Be6 23. Nd4 Bd5 24. b4 Re7 25. Rc5 Rd7 26. b5 f5 27. g4 fxg4 28. hxg4 h6 29. Kh2 Kf7 30. Kg3 Ke7 31. a4 Kd6 32. Rc8 Rh7 33. Ra8 b6 34. Rc8 h5 35. gxh5 gxh5 36. Kh4 Rf7 37. Kxh5 Rxf2 38. Kg5 Ra2 39. Nf5+ Kd7 40. Rf8 Rxa4 41. Kf6 Bc4 42. Nd4 Kd6 43. Rd8+ Kc5 44. Ke5 Bxb5 45. Rd5+ Kc4 46. Rxb5 Kd3 47. Rb3+ Kd2 48. Kxe4 Ra1 49. Rd3+ Kc1 50. Rc3+ Kd2 51. Rd3+ Ke1 52. Nf3+ Kf2 53. Nd4 Re1 54. Rd2+ Kg3 55. Nf5+ Kh3 56. Rf2 a5 57. Rf3+ Kh2 58. Rf2+ Kg1 59. Rb2 a4 60. Rxb6 a3 61. Ra6 Ra1 62. Nd4 Kf2 63. Nc2 Rc1 64. Nxa3 Rc3 65. Kd4 Rxe3 66. Nc4 Re8 67. Rf6+ Kg3 68. Nd6 Re1 69. Kd5 Kg4 70. Ne4 Rd1+ 71. Ke5 Rd8 72. Rg6+ Kh5 73. Rg1 Re8+ 74. Kf5 Kh6 75. Nf6 Re5+ 76. Kf4 Rf5+ 77. Kxf5 1/2-1/2


[Site "https://www.chess.com"]

[Event "Titled Tuesday Blitz May 30 Early 2023"]
[White "Jiganchine, Roman"]
[Black "Gulkov, Igor A."]
[WhiteFideId "2603667"]
[BlackFideId "4120973"]
[WhiteElo "2295"]
[BlackElo "2343"]
[Result "1-0"]
[Round "05"]
[TimeControl "180+2"]
[Date "2023.05.30"]
[WhiteClock "0:00:03"]
[BlackClock "0:00:11"]

1. e4 c5 2. Nf3 d6 3. Bb5+ Bd7 4. Bxd7+ Qxd7 5. c4 Nf6 6. Nc3 Nc6 7. d4 cxd4 8. Nxd4 Qg4 9. O-O Qxd1 10. Rxd1 Nxd4 11. Rxd4 g6 12. Rd1 Rc8 13. b3 Bg7 14. Rb1 a6 15. f3 O-O 16. a4 Nd7 17. Nd5 Rfe8 18. Bg5 f6 19. Be3 Kf7 20. Kf2 f5 21. exf5 gxf5 22. g4 fxg4 23. fxg4 Be5 24. Kg2 Rg8 25. Rf1+ Ke8 26. h3 e6 27. Nf4 Ke7 28. Nh5 Rcf8 29. Bh6 Rxf1 30. Rxf1 Rg6 31. Be3 Nc5 32. Bxc5 dxc5 33. Re1 Bd6 34. Kf3 Rg8 35. Re2 Rf8+ 36. Kg2 Kd7 37. Ng7 Rf6 38. Nh5 Rf7 39. Re1 Ke7 40. Re2 Rf8 41. Re1 Rg8 42. Re2 Rg5 43. Re3 Be5 44. Re2 Bd4 45. Ng3 Rg8 46. Nh5 Kd6 47. Nf4 Re8 48. Re4 e5 49. Nd5 b5 50. axb5 axb5 51. Re1 Ra8 52. Rf1 Ra2+ 53. Kg3 bxc4 54. bxc4 Rc2 55. Rf6+ Kd7 56. Rf7+ Ke6 57. Rf6+ Kd7 58. Rf7+ Ke8 59. Rxh7 Rxc4 60. Nf6+ Kd8 61. g5 Rc3+ 62. Kg4 Rc1 63. Kf5 Rf1+ 64. Ke6 c4 65. Nd5 Kc8 66. g6 c3 67. g7 Rg1 68. Rh8+ Kb7 69. g8=Q Rxg8 70. Rxg8 c2 71. Rg7+ Kb8 72. Rc7 1-0


[Site "https://www.chess.com"]

[Event "Titled Tuesday Blitz May 30 Early 2023"]
[White "Cupid, Kevin"]
[Black "Gurevich, Dmitry"]
[WhiteFideId "7700512"]
[BlackFideId "2000407"]
[WhiteElo "2124"]
[BlackElo "2506"]
[Result "1-0"]
[Round "05"]
[TimeControl "180+2"]
[Date "2023.05.30"]
[WhiteClock "0:00:12"]
[BlackClock "0:00:01"]

1. d4 Nf6 2. Nf3 e6 3. Bg5 c5 4. c3 Be7 5. e3 b6 6. Bd3 Bb7 7. O-O O-O 8. Nbd2 cxd4 9. exd4 d6 10. Re1 Nbd7 11. a4 a6 12. Qe2 Re8 13. Nc4 Nf8 14. h3 Ng6 15. a5 b5 16. Nb6 Rb8 17. Nh4 Nxh4 18. Bxh4 Nd5 19. Bxe7 Qxe7 20. Nxd5 Bxd5 21. Qh5 g6 22. Qh6 Qf6 23. Re3 Qg7 24. Qh4 Bc4 25. Bc2 b4 26. b3 Bd5 27. c4 Ba8 28. Rae1 d5 29. Qf4 Rbc8 30. Bd3 dxc4 31. Bxc4 Rcd8 32. Bxa6 Rxd4 33. Qc7 Red8 34. Bc4 Kh8 35. Qb6 Qf8 36. Re5 Qd6 37. Qxd6 R8xd6 38. Rb5 Bd5 39. Rxb4 Bxc4 40. bxc4 Ra6 41. Ra1 Kg7 42. Kf1 Kf6 43. Ke2 Ke5 44. Ke3 Rd8 45. Rb5+ Kf6 46. Rb6 Ra7 47. c5 Rda8 48. a6 Ke5 49. Rb7 Kd5 50. Rc1 Rxa6 51. Rd7+ Kc6 52. Rxf7 R8a7 53. Rxa7 Rxa7 54. Ke4 Ra2 55. Kf3 Rd2 56. Rc3 e5 57. g4 Rd4 58. Ke3 Ra4 59. f3 Rb4 60. Kd3 Ra4 61. Ke3 Rd4 62. h4 Rb4 63. h5 h6 64. hxg6 Rb8 65. Ke4 Rg8 66. Kf5 Rf8+ 67. Kxe5 1-0


[Site "https://www.chess.com"]

[Event "Titled Tuesday Blitz May 30 Early 2023"]
[White "Pg, Mohd Omar Ak Hira"]
[Black "Barbot, Pierre"]
[WhiteFideId "10500103"]
[BlackFideId "663727"]
[WhiteElo "2167"]
[BlackElo "2431"]
[Result "1-0"]
[Round "05"]
[TimeControl "180+2"]
[Date "2023.05.30"]
[WhiteClock "0:00:04"]
[BlackClock "0:00:00"]

1. e4 c6 2. d4 d5 3. Nc3 dxe4 4. Nxe4 Nf6 5. Ng3 h5 6. h4 Bg4 7. Nf3 e6 8. Bg5 Nbd7 9. Qd2 Qb6 10. O-O-O a5 11. Be2 a4 12. Ne5 a3 13. b3 Nd5 14. Nxd7 Kxd7 15. Bxg4 hxg4 16. c3 Qa5 17. Kc2 b5 18. Ne4 Kc8 19. Nc5 b4 20. c4 Nc3 21. Ra1 Bxc5 22. dxc5 Qxc5 23. Be3 Qf5+ 24. Qd3 Qxd3+ 25. Kxd3 Kc7 26. Bd2 Rad8+ 27. Kc2 Ne4 28. Bxb4 Nxf2 29. Rhe1 g3 30. Bxa3 Rd7 31. Bb2 Rxh4 32. Bxg7 Rh2 33. Be5+ Kb7 34. Bxg3 Rxg2 35. Re2 Rxg3 36. Rxf2 f5 37. Re1 Re7 38. Rfe2 Rg6 39. Re5 Rf6 40. Kd3 Kc7 41. Ke3 f4+ 42. Kf3 Kd6 43. R1e4 Rg7 44. c5+ Kd7 45. Rxf4 Rxf4+ 46. Kxf4 Rg2 47. a4 Rb2 48. Re3 Rc2 49. b4 Rc4+ 50. Re4 Rc3 51. Ke5 Ra3 52. a5 Kc7 53. Kxe6 Rd3 54. Ke7 Kb7 55. Ke6 Ka6 56. Kf5 Kb5 57. Ke6 Rd1 58. Rf4 Rd2 59. Ke5 Rd8 60. Rd4 Re8+ 61. Kf6 Re1 62. Kf7 Re2 63. Kf6 Re8 64. Kf5 Re7 65. Re4 Rd7 66. Ke6 Rd1 67. Ke5 Rd8 68. Rd4 Re8+ 69. Kd6 Rh8 70. Kc7 Rh7+ 71. Rd7 Rh4 72. Rd6 Rxb4 73. Rxc6 Ra4 74. Kd6 Rxa5 75. Rb6+ Kc4 76. Rb1 1-0


[Site "https://www.chess.com"]